 Dungeon Crawl Stone Soup version 0.29.1-15-g9cfb28693d (webtiles) character file.

Game seed: 17092945430255387305

123 Peloso the Covered (level 4, -2/40 HPs)
             Began as a Minotaur Fighter on Mar 5, 2023.
             Slain by an ogre
             ... wielding a +0 giant club
              (16 damage)
             ... on level 4 of the Dungeon.
             The game lasted 00:04:54 (3067 turns).

Peloso the Covered (Minotaur Fighter)               Turns: 3067, Time: 00:04:54

Health: -2/40      AC:  7    Str: 20    XL:     4   Next: 79%
Magic:  3/3        EV:  9    Int:  5    God:
Gold:   214        SH:  5    Dex: 12    Spells: 3/3 levels left

rFire   . . .      SeeInvis .   a - +0 long sword
rCold   . . .      Faith    .   d - +0 buckler
rNeg    . . .      Spirit   .   b - +0 scale mail
rPois   .          Reflect  .   c - +0 hat
rElec   .          Harm     .   (no cloak)
rCorr   .          Rampage  .   (no gloves)
Will    .....                   (no boots)
Stlth   ..........              (no amulet)
HPRegen 0.13/turn               (no ring)
MPRegen 0.08/turn               (no ring)

@: no status effects
A: horns 2, retaliatory headbutt
a: no special abilities


You were on level 4 of the Dungeon.
You visited 1 branch of the dungeon, and saw 4 of its levels.

You collected 214 gold pieces.

Inventory:

Hand Weapons
 a - a +0 long sword (weapon)
Armour
 b - a +0 scale mail (worn)
 c - a +0 hat (worn)
 d - a +0 buckler (worn)
Scrolls
 e - a scroll of fear
 g - a scroll of summoning {unknown}
 h - a scroll of enchant weapon {unknown}
 i - 2 scrolls of teleportation {unknown}
 k - 3 scrolls of noise {unknown}
 o - 2 scrolls of fog {unknown}
 r - a scroll of enchant armour {unknown}
 t - a scroll of identify
 v - a scroll of vulnerability {unknown}
 w - a scroll of amnesia {unknown}
Potions
 f - a potion of might
 j - 5 potions of curing
 l - 2 potions of resistance
 m - a potion of berserk rage
 n - 2 potions of brilliance {unknown}
 p - a potion of invisibility {unknown}
 q - a potion of mutation {unknown}
 s - 3 potions of heal wounds
 u - a potion of magic {unknown}


   Skills:
 + Level 4.2 Fighting
 + Level 4.0 Long Blades
 + Level 4.7 Armour
 + Level 1.4 Dodging
 + Level 4.1 Shields


You had 3 spell levels left.
You didn't know any spells.
Your spell library contained the following spells:

 Spells                   Type           Power      Damage    Failure   Level
 Summon Guardian Golem    Hex/Summ       0%         N/A       99%         3
 Orb of Destruction       Conj           0%         9d5       100%        7
 Spellforged Servitor     Conj/Summ      0%         N/A       100%        7


Dungeon Overview and Level Annotations

Branches:
Dungeon (4/15)
 Temple: D:4-7

Altars:
Cheibriados
Kikubaaqudgha
Makhleb
Uskayaw


Innate Abilities, Weirdness & Mutations

You have a pair of horns on your head.
You reflexively headbutt those who attack you in melee.


Message History

a +0 dagger; a ball python corpse A jelly comes into view.
A jelly is nearby!
A jelly is nearby!
The jelly quivers.
You hit the jelly.
Your hands burn!
The jelly is moderately wounded.
The jelly barely misses you. The jelly closely misses you.
You slash the jelly!
Your hands burn!
The jelly is almost dead.
The jelly hits you but does no damage.
You hit the jelly.
Your hands burn!
The jelly is almost dead.
The jelly hits you.
You are splashed with acid.
You slash the jelly!
You kill the jelly!
Your Long Blades skill increases to level 4!
There is an open door here.
You open the door.
Found 6 stones.
There is an open door here.
You see here 6 stones.
t - 2 scrolls of identify (gained 1)
An ogre and an endoplasm come into view.
The ogre shouts!
The endoplasm quivers.
The endoplasm moves out of view.
An ogre is nearby!
You aren't carrying any items that you can evoke.
Okay, then.
As you read the scroll of identify, it crumbles to dust.
s - 3 potions of heal wounds You hit the ogre.
The ogre is lightly wounded.
The ogre hits you with a +0 giant club!!
Ouch! That really hurt!
You slash the ogre! You headbutt the ogre.
The ogre is heavily wounded.
The ogre hits you with a +0 giant club!
You die...

##. #. #. #. #.# ##' #.#
##.. # ##.# ##... #. ##..#
##....
...#..########...####.....
#....JO@..........'.....
...##.######.......##.....
.. #.##.(#.###.... ...
#.###.#.# ##... .#.
#.###.#.# ##.. # #.##..#.#
##+ #.##.##.# #. #.##.##.#
#. #.......# ##.


You could see an ogre and an endoplasm.

Vanquished Creatures
  A jelly (D:4)
  2 adders
  A worm (D:2)
  2 dart slugs (D:2)
  6 bats
  3 bat zombies (D:3)
  5 endoplasms
  9 giant cockroaches
  10 hobgoblins
  3 jackals (D:1)
  A quokka (D:3)
  6 ball pythons
  A frilled lizard (D:3)
  3 goblins
  5 kobolds
  3 rats
61 creatures vanquished.

Notes
Turn   | Place    | Note
-------+----------+-------------------------------------------
     0 | D:1      | Peloso the Minotaur Fighter began the quest for the Orb.
     0 | D:1      | Reached XP level 1. HP: 19/19 MP: 0/0
   397 | D:1      | Reached XP level 2. HP: 27/27 MP: 1/1
   552 | D:1      | Found a faded altar of an unknown god.
   926 | D:2      | Reached XP level 3. HP: 30/33 MP: 2/2
  1772 | D:3      | Found a snail-covered altar of Cheibriados.
  1862 | D:3      | Found a burning altar of Makhleb.
  1893 | D:3      | Reached XP level 4. HP: 40/40 MP: 3/3
  1983 | D:3      | Found a hide-covered altar of Uskayaw.
  2214 | D:3      | Reached skill level 1 in Dodging
  2360 | D:3      | Found an ancient bone altar of Kikubaaqudgha.
  3062 | D:4      | Noticed an ogre
  3067 | D:4      | Slain by an ogre

Illustrated notes

Levels and vault maps discovered:
D:1:      minmay_arrival_cross, layout_basic, hellmonk_ecumenical_altar_zigzags
D:2:      layout_loops_ring, chequers_arboretum, amcnicky_mini_pool_small
D:3:      layout_loops_ring, lemuel_zombie_altar_kikubaaqudgha,
          mainiacjoe_overflow_24_doors, bloody_makhleb,
          mainiacjoe_overflow_brackets
D:4:      layout_loops_corners, minmay_goblin_outpost

Skill      XL: |  1  2  3  4 |
---------------+-------------+-----
Armour         | 4 |  4.7
Fighting       | 4 |  4.2
Shields        | 4 |  4.1
Long Blades    | 3 4 |  4.0
Dodging        | 1 |  1.4

Action                   |  1- 3 |  4- 6 || total
-------------------------+-------+-------++-------
Melee: Long sword        |    87 |    32 ||   119
       Headbutt          |    16 |     8 ||    24
  Use: Scroll            |     4 |     1 ||     5
Armor: Scale mail        |    43 |    18 ||    61
Dodge: Dodged            |    58 |    11 ||    69
Block: Buckler           |    29 |     7 ||    36
